 Dungeon Crawl Stone Soup version 0.21.1-1-g345015f (webtiles) character file.

2733 RudyRod the Covert (level 9, -5/61 HPs)
             Began as an Octopode Assassin on May 16, 2018.
             Was a Priest of Okawaru.
             Slain by an orc warrior
             ... wielding a +0 trident
              (17 damage)
             ... while paralysed by a hornet
             ... on level 7 of the Dungeon.
             The game lasted 00:32:33 (7666 turns).

RudyRod the Covert (Octopode Assassin)              Turns: 7666, Time: 00:32:34

Health: -5/61      AC:  1    Str: 12    XL:     9   Next: 67%
Magic:  9/9        EV:  2    Int: 19    God:    Okawaru [***...]
Gold:   271        SH:  0    Dex: 16    Spells: 8/8 levels left

rFire    + . .     SeeInvis .   c - +3 spear (flame)
rCold    . . .     Gourm    .   (no shield)
rNeg     + . .     Faith    .   (helmet restricted)
rPois    .         Spirit   .   (no amulet)
rElec    .         Reflect  .   h - ring of positive energy
rCorr    .         Harm     .   r - +2 ring of evasion
MR       +....     Clarity  +   v - +5 ring of intelligence
Stlth    ++++++....             y - ring of stealth
HPRegen  0.00/turn              (no ring)
MPRegen  0.11/turn              (no ring)
                                (no ring)
                                (no ring)

@: paralysed, lethally poisoned (-5 -> -34), slowed
A: almost no armour, stealthy swim, amphibious, 8 rings, constrict 8, camouflage
1, clarity, fire resistance 1, magic resistance 1, inhibited regeneration,
strong 1, gelatinous body 1
a: Heroism, Renounce Religion


You were on level 7 of the Dungeon.
You worshipped Okawaru.
Okawaru was most pleased with you.
You were hungry.

You visited 2 branches of the dungeon, and saw 8 of its levels.

You collected 271 gold pieces.

Inventory:

Hand Weapons
 a - a +2 dagger
 b - a +0 blowgun
 c - a +3 spear of flaming (weapon)
Missiles
 d - a curare-tipped needle
 i - 40 poisoned needles
Jewellery
 h - a ring of positive energy (left tentacle)
 r - a +2 ring of evasion (right tentacle)
 v - a +5 ring of intelligence (on tentacle)
 y - a ring of stealth (on tentacle)
Wands
 e - a wand of disintegration (14)
 p - a wand of polymorph (14)
 u - a wand of flame (10)
Scrolls
 g - 3 scrolls of remove curse
 j - 4 scrolls of identify
 l - a scroll of fog
 n - 3 scrolls of enchant weapon
 o - 2 scrolls of magic mapping
 s - 2 scrolls of noise {unknown}
 t - 2 scrolls of teleportation
 w - a scroll of amnesia {unknown}
 x - a scroll of summoning {unknown}
 A - 2 scrolls of random uselessness {unknown}
Potions
 k - 3 potions of flight
 m - a potion of heal wounds
 q - 2 potions of haste
 z - a potion of cancellation
Comestibles
 f - 3 rations
 B - 7 chunks of flesh


   Skills:
 + Level 5.4 Fighting
 + Level 2.0 Short Blades
 + Level 7.6 Polearms
 + Level 4.6 Throwing
 * Level 5.7 Dodging
 + Level 9.4 Stealth


You had 8 spell levels left.
You didn't know any spells.

Dungeon Overview and Level Annotations

Branches:
Dungeon (7/15)             Temple (1/1) D:4

Altars:
Ashenzari
Cheibriados
Dithmenos
Elyvilon
Fedhas
Gozag
Hepliaklqana
Kikubaaqudgha
Makhleb
Nemelex Xobeh
Okawaru
Qazlal
Ru
Sif Muna
Trog
Uskayaw
Vehumet
Wu Jian
Xom
Yredelemnul
Zin
The Shining One

Shops:
D:4 *   D:5 =   D:6 *!!:}%?

Annotations:
D:3 cultivahabas's ghost, amateur DEFE


Innate Abilities, Weirdness & Mutations

You cannot wear most types of armour.
You are very stealthy in the water. (Stealth+)
You are amphibious.
You can wear up to eight rings at the same time.
You can use your tentacles to constrict eight enemies at once.
Your skin changes colour to match your surroundings (Stealth+).
Your rubbery body absorbs attacks. (AC +1, EV +1)
You possess an exceptional clarity of mind.
Your flesh is heat resistant. (rF+)
You are resistant to hostile enchantments. (MR+)
You do not regenerate when monsters are visible.
Your muscles are strong. (Str +2)


Message History

You hit the hornet but do no damage. You grab the hornet.
You squeeze the hornet.
The hornet is moderately wounded.
You feel yourself speed up.
You constrict the hornet.
You feel sick.
You hear a shout!
The hornet misses you.
The orc priest miscasts a cantrip.
The hippogriff moves out of view.
The hornet barely misses you.
You release your grip on the hornet.
The hornet stings you.
You are more poisoned.
You suddenly lose the ability to move!
You feel sick. The hornet stings you!
* * * LOW HITPOINT WARNING * * *
You are more poisoned.
You feel yourself slow down.
The phantom blinks!
The hornet barely misses you.
* * * LOW HITPOINT WARNING * * *
You feel sick.
The orc warrior hits you from afar with a trident!
You die...

#..#...#...#...
#[oW.......W.
#....#...#...#
#...#$#...#=#
#..#...#...#...
#o...%W........
#o################
#y# #..........
#@# #.#########
#.# #.# #.# #.#
#.# #.# #.# #.#
#.# #.# #.######.#
#........#
##########


You could see a phantom, a hornet, an orc warrior, an orc priest and an orc.

Vanquished Creatures
  A two-headed ogre (D:5)
  Grinder (D:3)
  Menkaure (D:4)
  The ghost of cultivahabas the Sneak, an amateur OpWz (D:5)
  Duvessa (D:4)
  An orc warrior (D:6)
  A sky beast (D:6)
  2 ogres
  A bullfrog (D:5)
  Dowan (D:4)
  3 scorpions
  2 howler monkeys
  2 crimson imps (D:5)
  A centaur zombie (D:6)
  A bullfrog zombie (D:5)
  2 hounds
  3 orc wizards
  5 orc priests
  2 bullfrog skeletons
  4 iguanas
  A jelly (D:6)
  Jessica (D:2)
  Ijyb (D:3)
  2 worker ants
  A hound skeleton (D:6)
  A gnoll (D:1)
  8 adders
  An adder skeleton (D:6)
  A worm (D:4)
  3 leopard geckos
  14 orcs
  5 bats
  4 giant cockroaches
  5 goblins
  9 hobgoblins
  6 jackals
  7 kobolds
  2 quokkas
  A ball python (D:2)
  A ball python skeleton (D:4)
  6 frilled lizards
  2 gnoll zombies (D:6)
  6 rats
124 creatures vanquished.

Vanquished Creatures (others)
  An ogre (D:4)
1 creature vanquished.

Grand Total: 125 creatures vanquished

Notes
Turn   | Place    | Note
-------+----------+-------------------------------------------
     0 | D:1      | RudyRod the Octopode Assassin began the quest for the Orb.
     0 | D:1      | Reached XP level 1. HP: 14/14 MP: 1/1
   210 | D:1      | Reached XP level 2. HP: 14/19 MP: 2/2
   560 | D:1      | Reached XP level 3. HP: 23/25 MP: 3/3
  1531 | D:2      | Noticed Jessica
  1539 | D:2      | Killed Jessica
  1539 | D:2      | Reached XP level 4. HP: 28/30 MP: 4/4
  1544 | D:2      | Found a blossoming altar of Fedhas.
  1882 | D:3      | Noticed Ijyb
  1889 | D:3      | Reached skill level 6 in Stealth
  1907 | D:3      | Killed Ijyb
  1907 | D:3      | Reached skill level 1 in Polearms
  1907 | D:3      | Reached XP level 5. HP: 5/36 MP: 5/5
  2030 | D:3      | Noticed cultivahabas's ghost (amateur DEFE)
  2622 | D:3      | Noticed Grinder
  2865 | D:3      | Killed Grinder
  2865 | D:3      | Reached XP level 6. HP: 14/42 MP: 6/6
  3429 | D:4      | Reached skill level 7 in Stealth
  3538 | D:4      | Found a glowing silver altar of Zin.
  3563 | D:4      | Gained mutation: Your body sometimes deteriorates upon taking damage. [potion of mutation]
  3563 | D:4      | Gained mutation: You do not regenerate when monsters are visible. [potion of mutation]
  3563 | D:4      | Gained mutation: Your mind is acute. (Int +2) [potion of mutation]
  3564 | D:4      | Lost mutation: Your mind is acute. (Int +2) [potion of mutation]
  3564 | D:4      | Lost mutation: Your body sometimes deteriorates upon taking damage. [potion of mutation]
  3564 | D:4      | Gained mutation: You possess an exceptional clarity of mind. [potion of mutation]
  3564 | D:4      | Gained mutation: Your flesh is heat resistant. (rF+) [potion of mutation]
  3564 | D:4      | Gained mutation: Your muscles are strong. (Str +2) [potion of mutation]
  3564 | D:4      | Gained mutation: You are resistant to hostile enchantments. (MR+) [potion of mutation]
  3585 | D:4      | Reached XP level 7. HP: 46/46 MP: 7/7
  3886 | D:4      | Noticed Menkaure
  4165 | D:4      | Noticed Duvessa
  4168 | D:4      | Noticed Dowan
  4185 | D:4      | Killed Duvessa
  4190 | D:4      | Killed Dowan
  4208 | D:4      | Found Faprer's Serpentskin Sales.
  4344 | D:4      | Found an iron altar of Okawaru.
  4536 | D:4      | Became a worshipper of Warmaster Okawaru
  4638 | D:4      | Found a staircase to the Ecumenical Temple.
  4647 | Temple   | Entered the Ecumenical Temple
  4880 | D:4      | Killed Menkaure
  4880 | D:4      | Reached XP level 8. HP: 31/54 MP: 8/8
  5239 | D:5      | Entered Level 5 of the Dungeon
  5283 | D:5      | Reached skill level 8 in Stealth
  5359 | D:5      | Noticed cultivahabas's ghost (amateur OpWz)
  5400 | D:5      | Killed cultivahabas's ghost
  5400 | D:5      | Reached skill level 5 in Polearms
  5718 | D:5      | Reached * piety under Okawaru
  5732 | D:5      | Noticed a two-headed ogre
  5747 | D:5      | Killed a two-headed ogre
  5747 | D:5      | Reached ** piety under Okawaru
  5747 | D:5      | Reached skill level 5 in Dodging
  5747 | D:5      | Reached XP level 9. HP: 47/60 MP: 6/9
  5815 | D:5      | Reached skill level 5 in Fighting
  5885 | D:5      | Found an ornate altar of the Wu Jian Council.
  5901 | D:5      | Found Waeph's Jewellery Emporium.
  6049 | D:5      | Reached *** piety under Okawaru
  6272 | D:6      | Found Ruemasat's Distillery.
  6325 | D:6      | Found a hazy altar of Hepliaklqana.
  6346 | D:6      | Found Lutwutuann's Assorted Antiques.
  6461 | D:6      | Found Mics's Distillery.
  6475 | D:6      | Found Keexod's Gadget Boutique.
  6475 | D:6      | Found Raez's Book Boutique.
  6476 | D:6      | Found Ocyxor's Food Boutique.
  6729 | D:6      | Reached skill level 9 in Stealth
  6938 | D:6      | Found Wibin's Magic Scroll Shop.
  7058 | D:6      | Found a deep blue altar of Sif Muna.
  7262 | D:6      | Found a bloodstained altar of Trog.
  7270 | D:6      | Found a sparkling altar of Nemelex Xobeh.
  7463 | D:6      | Found a basalt altar of Yredelemnul.
  7615 | D:7      | Noticed a hornet
  7664 | D:7      | Paralysed by a hornet for 3 turns
  7666 | D:7      | Slain by an orc warrior

Skill      XL: |  1  2  3  4  5  6  7  8  9 |
---------------+----------------------------+-----
Throwing       | 3 4 |  4.6
Stealth        | 6 7 8 9 |  9.4
Polearms       | 1 2 4 6 7 |  7.6
Dodging        | 2 3 5 |  5.7
Fighting       | 3 4 5 |  5.4
Short Blades   | |  2.0

Action                   |  1- 3 |  4- 6 |  7- 9 || total
-------------------------+-------+-------+-------++-------
Melee: Spear             |    31 |    72 |   224 ||   327
       Constrict         |     7 |    15 |    36 ||    58
       Tentacles         |     4 |    11 |    36 ||    51
 Fire: Blowgun           |    93 |       |    11 ||   104
Invok: Heroism           |       |       |     1 ||     1
  Use: Scroll            |       |     9 |     1 ||    10
       Potion            |       |     7 |     1 ||     8
 Stab: Sleeping          |     4 |     7 |    19 ||    30
  Eat: Chunk             |     2 |     2 |     6 ||    10
       Ration            |       |     1 |     2 ||     3
Armor: Skin              |     5 |    12 |     2 ||    19
Dodge: Dodged            |    35 |    31 |    87 ||   153
